PAA
RENO SILVER SOX @ MARQUETTE MINERS
09/02/2034
 
TOP OF THE 1ST
Reno Silver Sox batting - Pitching for Marquette Miners : LHP Devin Gaines
Pitching: LHP Devin Gaines
Batting: RHB Spartak Gonjarov 0-0: Ball
1-0: Called Strike
1-1: Ball
2-1: Ball
3-1: Called Strike
3-2: Ground out 6-3 (Groundball, 6)
Batting: RHB Carlos González 0-0: Called Strike
0-1: Ground out 6-3 (Groundball, 6)
Batting: RHB Rob Brooks 0-0: Called Strike
0-1: Ball
1-1: Swinging Strike
1-2: Fly out, F2 (Popup, 23F)
Top of the 1st over - 0 runs, 0 hits, 0 errors, 0 left on base; Reno 0 - Marquette 0
BOTTOM OF THE 1ST
Marquette Miners batting - Pitching for Reno Silver Sox : LHP Dan Fletcher
Pitching: LHP Dan Fletcher
Batting: RHB Steve Albright 0-0: Fly out, F9 (Flyball, 9LD)
Batting: RHB Arvi Sutinen 0-0: Ground out 5-3 (Groundball, 56)
Batting: RHB Brock Dean 0-0: Called Strike
0-1: Ball
1-1: SINGLE (Groundball, 6MD)
Batting: RHB Sameen Shaw 0-0: Ball
1-0: Ball
Brock Dean steals 2nd base
2-0: Foul Ball, location: 2F
2-1: Fly out, F7 (Flyball, 7LS)
Bottom of the 1st over - 0 runs, 1 hit, 0 errors, 1 left on base; Reno 0 - Marquette 0
TOP OF THE 2ND
Reno Silver Sox batting - Pitching for Marquette Miners : LHP Devin Gaines
Batting: RHB Jong-beom Chang 0-0: DOUBLE (Flyball, 8RXD)
Batting: LHB Luis Aranda 0-0: Called Strike
0-1: Ball
1-1: Ground out 6-3 (Groundball, 6)
Batting: RHB Landon Edwards 0-0: Foul Ball, location: 2F
0-1: Ball
1-1: Swinging Strike
1-2: Fly out, F4 (Popup, 4M)
Batting: RHB Juan Laguna 0-0: Ball
1-0: Ball
2-0: Called Strike
2-1: Ball
3-1: Base on Balls
Batting: RHB Roy Burns 0-0: Swinging Strike
0-1: Swinging Strike
0-2: Foul Ball, location: 2F
0-2: Ball
1-2: Strikes out looking
Top of the 2nd over - 0 runs, 1 hit, 0 errors, 2 left on base; Reno 0 - Marquette 0
BOTTOM OF THE 2ND
Marquette Miners batting - Pitching for Reno Silver Sox : LHP Dan Fletcher
Batting: LHB Carlos Germán 0-0: Called Strike
0-1: Foul Ball, location: 2F
0-2: SINGLE (Line Drive, 6D)
Batting: RHB Eli Cline 0-0: Foul Ball, location: 2F
0-1: Swinging Strike
Passed Ball!
Carlos Germán to second
0-2: Strikes out swinging
Batting: RHB Mike Elzey 0-0: Fly out, F8 (Flyball, 89XD)
Runner from 2nd tags up, SAFE at 3rd, no throw
Batting: RHB Vic Funnell 0-0: Ball
1-0: Called Strike
1-1: Ball
2-1: Called Strike
2-2: Foul Ball, location: 2F
2-2: Fly out, F4 (Line Drive, 4)
Bottom of the 2nd over - 0 runs, 1 hit, 0 errors, 1 left on base; Reno 0 - Marquette 0
TOP OF THE 3RD
Reno Silver Sox batting - Pitching for Marquette Miners : LHP Devin Gaines
Batting: RHB Jean Lechuga 0-0: Ball
1-0: Foul Ball, location: 2F
1-1: Fly out, F8 (Flyball, 8RD)
Batting: RHB Spartak Gonjarov 0-0: Ball
1-0: Ball
2-0: Foul Ball, location: 2F
2-1: Ball
3-1: Base on Balls
Batting: RHB Carlos González 0-0: Ball
1-0: Called Strike
1-1: Fly out, F8 (Flyball, 8RD)
Batting: RHB Rob Brooks 0-0: Foul Ball, location: 2F
0-1: SINGLE (Groundball, 6MD)
Spartak Gonjarov to second
Runner from 2nd tries for 3rd, SAFE, no throw
Batting: RHB Jong-beom Chang 0-0: Called Strike
0-1: Ball
1-1: 3-RUN HOME RUN (Flyball, 8LXD), Distance : 450 ft
Batting: LHB Luis Aranda 0-0: Ball
1-0: Ball
2-0: Ball
3-0: Called Strike
3-1: Fly out, F9 (Flyball, 89D)
Top of the 3rd over - 3 runs, 2 hits, 0 errors, 0 left on base; Reno 3 - Marquette 0
BOTTOM OF THE 3RD
Marquette Miners batting - Pitching for Reno Silver Sox : LHP Dan Fletcher
Batting: RHB Ryan French 0-0: Called Strike
0-1: Foul Ball, location: 2F
0-2: SINGLE (Groundball, 4MD)
Batting: RHB Steve Albright 0-0: Ball
1-0: Foul Ball, location: 2F
1-1: Ball
2-1: Ball
3-1: Foul Ball, location: 2F
3-2: Foul Ball, location: 2F
3-2: Grounds into double play, 1-4-3 (Groundball, 15S)
Batting: RHB Arvi Sutinen 0-0: Called Strike
0-1: Ball
1-1: Ball
2-1: Ball
3-1: Called Strike
3-2: Ground out 1-3 (Groundball, 15)
Bottom of the 3rd over - 0 runs, 1 hit, 0 errors, 0 left on base; Reno 3 - Marquette 0
TOP OF THE 4TH
Reno Silver Sox batting - Pitching for Marquette Miners : LHP Devin Gaines
Batting: RHB Landon Edwards 0-0: Ball
1-0: Ball
2-0: Foul Ball, location: 2F
2-1: Ball
3-1: Called Strike
3-2: Ground out 6-3 (Groundball, 6S)
Batting: RHB Juan Laguna 0-0: Swinging Strike
0-1: Ball
1-1: Ball
2-1: Foul Ball, location: 2F
2-2: Ball
3-2: Base on Balls
Batting: RHB Roy Burns 0-0: Ball
1-0: Foul Ball, location: 2F
1-1: Ball
2-1: Ground out 5-3 (Groundball, 56S)
Juan Laguna to second
Batting: RHB Jean Lechuga 0-0: Ball
1-0: Ball
2-0: Called Strike
2-1: Swinging Strike
2-2: Foul Ball, location: 2F
2-2: SINGLE (Line Drive, 56D)
Juan Laguna to third
Runner from 3rd tries for Home, SAFE, no throw
Pitching: LHP Jet Toner
Batting: RHB Spartak Gonjarov 0-0: Called Strike
0-1: Called Strike
0-2: Ball
1-2: Foul Ball, location: 2F
1-2: Foul Ball, location: 2F
1-2: Ball
2-2: Fly out, F9 (Flyball, 9S)
Top of the 4th over - 1 run, 1 hit, 0 errors, 1 left on base; Reno 4 - Marquette 0
BOTTOM OF THE 4TH
Marquette Miners batting - Pitching for Reno Silver Sox : LHP Dan Fletcher
Batting: RHB Brock Dean 0-0: Called Strike
0-1: Ball
1-1: SINGLE (Groundball, 4MD)
Batting: RHB Sameen Shaw 0-0: Called Strike
0-1: Ball
1-1: Ball
2-1: SINGLE (Line Drive, 34D)
Brock Dean to second
Runner from 2nd tries for 3rd, SAFE, no throw
Batting: LHB Carlos Germán 0-0: Called Strike
0-1: SINGLE (Popup, 5S)
Brock Dean scores
Sameen Shaw to second
Batting: RHB Eli Cline 0-0: Swinging Strike
0-1: Ball
1-1: Grounds into double play, 3-6-4 (Groundball, 34)
Sameen Shaw to third
Batting: RHB Mike Elzey 0-0: Ground out U3 (Groundball, 34S)
Bottom of the 4th over - 1 run, 3 hits, 0 errors, 1 left on base; Reno 4 - Marquette 1
TOP OF THE 5TH
Reno Silver Sox batting - Pitching for Marquette Miners : LHP Jet Toner
Batting: RHB Carlos González 0-0: Foul Ball, location: 2F
0-1: Fly out, F9 (Flyball, 89M)
Batting: RHB Rob Brooks 0-0: Ball
1-0: Ball
2-0: Fly out, F5 (Line Drive, 56)
Batting: RHB Jong-beom Chang 0-0: Ground out 6-3 (Groundball, 6)
Top of the 5th over - 0 runs, 0 hits, 0 errors, 0 left on base; Reno 4 - Marquette 1
BOTTOM OF THE 5TH
Marquette Miners batting - Pitching for Reno Silver Sox : LHP Dan Fletcher
Batting: RHB Vic Funnell 0-0: Ball
1-0: Foul Ball, location: 2F
1-1: Fly out, F8 (Flyball, 8LD)
Batting: RHB Ryan French 0-0: Ground out 6-3 (Groundball, 6)
Batting: RHB Steve Albright 0-0: Swinging Strike
0-1: Swinging Strike
0-2: Ball
1-2: Strikes out swinging
Bottom of the 5th over - 0 runs, 0 hits, 0 errors, 0 left on base; Reno 4 - Marquette 1
TOP OF THE 6TH
Reno Silver Sox batting - Pitching for Marquette Miners : LHP Jet Toner
Batting: LHB Luis Aranda 0-0: Ground out 4-3 (Groundball, 4)
Batting: RHB Landon Edwards 0-0: Swinging Strike
0-1: Foul Ball, location: 2F
0-2: Strikes out swinging
Batting: RHB Juan Laguna 0-0: Ball
1-0: Ball
2-0: Fly out, F9 (Flyball, 9D)
Top of the 6th over - 0 runs, 0 hits, 0 errors, 0 left on base; Reno 4 - Marquette 1
BOTTOM OF THE 6TH
Marquette Miners batting - Pitching for Reno Silver Sox : LHP Dan Fletcher
Batting: RHB Arvi Sutinen 0-0: Ball
1-0: Swinging Strike
1-1: Foul Ball, location: 2F
1-2: Ball
2-2: Strikes out looking
Batting: RHB Brock Dean 0-0: Called Strike
0-1: Foul Ball, location: 2F
0-2: Foul Ball, location: 2F
0-2: Ball
1-2: Fly out, F7 (Flyball, 7LMF)
Batting: RHB Sameen Shaw 0-0: Called Strike
0-1: DOUBLE (Line Drive, 9LM)
Batting: LHB Carlos Germán 0-0: Called Strike
0-1: Ball
Wild Pitch!
Sameen Shaw to third
1-1: Foul Ball, location: 2F
1-2: Foul Ball, location: 2F
1-2: Ball
2-2: SINGLE (Line Drive, 8LS)
Sameen Shaw scores
Batting: RHB Eli Cline 0-0: Called Strike
0-1: Ball
1-1: Foul Ball, location: 2F
1-2: Ball
2-2: Fielders Choice at 2nd, 6-4 (Groundball, 56)
Bottom of the 6th over - 1 run, 2 hits, 0 errors, 1 left on base; Reno 4 - Marquette 2
TOP OF THE 7TH
Reno Silver Sox batting - Pitching for Marquette Miners : LHP Jet Toner
Batting: RHB Roy Burns 0-0: Called Strike
0-1: Ball
1-1: Ball
2-1: Ball
3-1: Swinging Strike
3-2: Base on Balls
Batting: RHB Jean Lechuga 0-0: Bunt - Flyout! F1
Batting: RHB Spartak Gonjarov 0-0: Ball
1-0: Foul Ball, location: 2F
1-1: Ball
2-1: Foul Ball, location: 2F
2-2: Fly out, F6 (Line Drive, 6M)
Batting: RHB Carlos González 0-0: Ball
1-0: Swinging Strike
1-1: Ball
2-1: Ball
3-1: Called Strike
3-2: Ground out 5-3 (Groundball, 56)
Top of the 7th over - 0 runs, 0 hits, 0 errors, 1 left on base; Reno 4 - Marquette 2
BOTTOM OF THE 7TH
Marquette Miners batting - Pitching for Reno Silver Sox : LHP Dan Fletcher
Batting: RHB Mike Elzey 0-0: Called Strike
0-1: Ball
1-1: Ball
2-1: Called Strike
2-2: Ball
3-2: SOLO HOME RUN (Flyball, 9LD), Distance : 363 ft
Batting: RHB Vic Funnell 0-0: Ball
1-0: SINGLE (Groundball, 6M) (infield hit)
Batting: RHB Ryan French 0-0: Ball
1-0: Foul Ball, location: 2F
1-1: Ball
2-1: Fly out, F9 (Flyball, 9LMF)
Batting: RHB Steve Albright 0-0: Ball
1-0: Called Strike
Vic Funnell steals 2nd base
1-1: Ball
2-1: Foul Ball, location: 2F
2-2: Foul Ball, location: 2F
2-2: Foul Ball, location: 2F
2-2: Ball
3-2: SINGLE (Flyball, 8LS)
Vic Funnell to third
Runner from 3rd tries for Home, SAFE, no throw
Batting: RHB Arvi Sutinen 0-0: Ball
1-0: Fly out, F4 (Popup, 34D)
Batting: RHB Brock Dean 0-0: Ball
Steve Albright steals 2nd base
1-0: Called Strike
1-1: Foul Ball, location: 2F
1-2: Foul Ball, location: 2F
1-2: Foul Ball, location: 2F
1-2: DOUBLE (Flyball, 78XD)
Steve Albright scores
Pitching: RHP Herman Guevera
Batting: RHB Sameen Shaw 0-0: Ball
1-0: Fly out, F4 (Popup, 34D)
Bottom of the 7th over - 3 runs, 4 hits, 0 errors, 1 left on base; Reno 4 - Marquette 5
TOP OF THE 8TH
Reno Silver Sox batting - Pitching for Marquette Miners : LHP Jet Toner
Batting: RHB Rob Brooks 0-0: Ball
1-0: Ball
2-0: Ball
3-0: Called Strike
3-1: Foul Ball, location: 2F
3-2: SINGLE (Line Drive, 4M)
Pitching: RHP Theodore Pillete
Batting: RHB Jong-beom Chang 0-0: Ball
1-0: Ball
2-0: Ball
3-0: Called Strike
3-1: Fly out, F8 (Flyball, 8LXD)
Batting: LHB Luis Aranda 0-0: Called Strike
0-1: Fielders Choice at 2nd, 4-6 (Groundball, 34)
Batting: RHB Landon Edwards 0-0: Ball
1-0: Ball
2-0: Ball
3-0: Foul Ball, location: 2F
3-1: Base on Balls
Luis Aranda to second
Batting: RHB Juan Laguna 0-0: Ball
1-0: Ball
2-0: Ball
3-0: Base on Balls
Luis Aranda to third
Landon Edwards to second
Batting: RHB Roy Burns 0-0: Ball
1-0: Ball
2-0: Foul Ball, location: 2F
2-1: Ground out 1-3 (Groundball, 13)
Top of the 8th over - 0 runs, 1 hit, 0 errors, 3 left on base; Reno 4 - Marquette 5
BOTTOM OF THE 8TH
Marquette Miners batting - Pitching for Reno Silver Sox : RHP Herman Guevera
Batting: LHB Carlos Germán 0-0: Ball
1-0: Swinging Strike
1-1: Swinging Strike
1-2: Ball
2-2: Strikes out swinging
Batting: RHB Eli Cline 0-0: Swinging Strike
0-1: Foul Ball, location: 2F
0-2: Strikes out looking
Batting: RHB Mike Elzey 0-0: Ball
1-0: Called Strike
1-1: Ground out 4-3 (Groundball, 4)
Bottom of the 8th over - 0 runs, 0 hits, 0 errors, 0 left on base; Reno 4 - Marquette 5
TOP OF THE 9TH
Reno Silver Sox batting - Pitching for Marquette Miners : RHP Theodore Pillete
Pitching: RHP Shawn Stevenson
Batting: RHB Jean Lechuga 0-0: Fly out, F7 (Flyball, 7S)
Batting: RHB Spartak Gonjarov 0-0: Ball
1-0: Ball
2-0: Called Strike
2-1: Ball
3-1: Swinging Strike
3-2: Strikes out looking
Batting: RHB Carlos González 0-0: Ball
1-0: Foul Ball, location: 2F
1-1: Ball
2-1: Swinging Strike
2-2: Ball
3-2: Base on Balls
Pinch Runner at 1st Marvin Overbeek:
Batting: RHB Rob Brooks 0-0: Ball
1-0: Ground out 2-3 (Groundball, 2L)
Top of the 9th over - 0 runs, 0 hits, 0 errors, 1 left on base; Reno 4 - Marquette 5
Friday, March 29th, 2019 - OOTP Baseball 18.8 Build 76